 Dungeon Crawl Stone Soup version 0.28-a0-425-gd0eccab798 (webtiles) character file.

Game seed: 6135261201563506049

130 Zenkrye the Chiller (level 5, 0/31 (35) HPs)
             Began as a Barachi Ice Elementalist on Sept 9, 2021.
             Was a Follower of Yredelemnul.
             Slain by a necrophage (1 damage)
             ... on level 4 of the Dungeon.
             The game lasted 00:09:12 (3191 turns).

Zenkrye the Chiller (Barachi Ice Elementalist)      Turns: 3191, Time: 00:09:13

HP:   0/31 (35)     AC:  3    Str:  6 (9)  XL:     5   Next: 13%
MP:   7/9           EV: 12    Int: 14 (17) God:    Yredelemnul [*.....]
Gold: 170           SH:  4    Dex: 13 (14) Spells: 6/10 levels left

rFire   . . .      SeeInvis .   b - +0 dagger
rCold   + . .      Faith    .   (no shield)
rNeg    . . .      Spirit   .   a - +0 robe
rPois   .          Reflect  .   (no helmet)
rElec   .          Harm     .   (no cloak)
rCorr   .          Rampage  .   (no gloves)
Will    .....                   n - +0 pair of boots
Stlth   ++........              (no amulet)
HPRegen 0.10/turn               c - ring of protection from cold
MPRegen 0.11/turn               (no ring)

@: unable to hop, heavily drained, invisible, slow
A: amphibious, slowness 1, strong legs 1, +LOS, large bone plates 1, agile 1
a: Hop, Renounce Religion, Animate Remains


You were on level 4 of the Dungeon.
You worshipped Yredelemnul.
Yredelemnul was aware of your devotion.
You visited 1 branch of the dungeon, and saw 4 of its levels.

You collected 170 gold pieces.

Inventory:

Hand Weapons
 b - a +0 dagger (weapon)
 q - a +0 hunting sling {@w2}
Missiles
 f - 81 bolts
 h - 80 stones
 p - 21 sling bullets
 t - 11 javelins
Armour
 a - a +0 robe (worn)
 n - a +0 pair of boots (worn)
Jewellery
 c - a ring of protection from cold (left hand)
Scrolls
 g - 2 scrolls of magic mapping {unknown}
 i - 4 scrolls of enchant armour {unknown}
 k - 2 scrolls of vulnerability {unknown}
 l - 2 scrolls of torment {unknown}
 m - 4 scrolls of identify {unknown}
 r - a scroll of amnesia {unknown}
 s - a scroll of fear {unknown}
Potions
 j - a potion of mutation


   Skills:
 - Level 2.1 Dodging
 - Level 1.7 Stealth
 - Level 3.0 Spellcasting
 + Level 7.1 Ice Magic


You had 6 spell levels left.
You knew the following spells:

 Your Spells              Type           Power      Damage    Failure   Level
a - Freeze                Ice            88%        1d10      1%          1
b - Frozen Ramparts       Ice            44%        1d6       3%          3

Your spell library contained the following spells:

 Spells                   Type           Power      Damage    Failure   Level
 Ozocubu's Armour         Ice            22%        N/A       3%          3
 Slow                     Hex            2%         N/A       32%         2
 Hailstorm                Conj/Ice       12%        3d5       43%         4
 Confusing Touch          Hex            2%         N/A       54%         3
 Dazzling Flash           Conj/Hex       4%         N/A       54%         3
 Tukima's Dance           Hex            2%         N/A       54%         3
 Vampiric Draining        Necr           1%         2d6       54%         3
 Iskenderun's Mystic Bla  Conj/Tloc      2%         2d3       91%         4
 Passage of Golubria      Tloc           N/A        N/A       91%         4
 Yara's Violent Unravell  Hex/Tmut       1%         3d3       99%         5
 Starburst                Conj/Fire      1%         6d3       100%        6


Dungeon Overview and Level Annotations

Branches:
Dungeon (4/15)
 Temple: D:4-7

Altars:
Yredelemnul


Innate Abilities, Weirdness & Mutations

You are amphibious.
You cover ground slowly.
You can hop short distances.
You have an extended range of vision and can be seen from far away.
You are partially covered in large bone plates. (SH +4)
You are agile. (Dex +2)


Message History

You feel drained.
Casting: Freeze (safe; 1% risk of failure)
Confirm with . or Enter, or press ? or * to list all spells.
Aiming: Freeze (safe; 1% risk of failure)
Press: ? - help, Shift-Dir - straight line, f/p - necrophage
Aim: a necrophage (moderately damaged)
You freeze the necrophage.
The necrophage resists.
The necrophage is heavily damaged.
The necrophage barely misses you.
Unknown command.
Hop to where?
Press: ? - help, Dir - move target, p - necrophage Boing!
There is a stone staircase leading up here.
You see here a stone.
It was a potion of degeneration.
There was something very wrong with that liquid.
You feel weakened.
You feel dopey.
You feel clumsy.
It was a potion of resistance.
You feel protected.
The necrophage hits you but does no damage.
It was a potion of brilliance.
You feel clever all of a sudden. The necrophage misses you.
It was a potion of mutation.
You feel extremely strange.
You feel agile.
Large bone plates grow over parts of your arms.
You block the necrophage's attack.
It was a potion of cancellation.
Your magical effects are unravelling.
You feel magically purged.
You feel a little less clever now.
Your resistance to elements expires.
The necrophage barely misses you.
It was a potion of invisibility.
You fade into invisibility!
The necrophage hits you.
* * * LOW HITPOINT WARNING * * *
You feel drained.
You die...
Your body rises from the dead as a mindless zombie.

###### #.... #..#
#########..# #####
#......(..(## #
....###.#####(....##.#
.#...........).......#
.#..###.#####.....##.
.#..###.# ##.n@##
........# ##.##
.##.##### #(# ...#.>
#.# .##.#.# #.# .. ##
# # #.# .. ###.# #.#
#. ....#.# ... #.
......# #.# #.


You could see a necrophage.

Vanquished Creatures
  A gnoll (D:1)
  4 adders
  An adder skeleton (D:4)
  A dart slug (D:2)
  8 orcs
  7 ball pythons
  A bat (D:3)
  6 endoplasms
  6 hobgoblins
  5 jackals
  7 kobolds
  A quokka (D:1)
  7 frilled lizards
  7 goblins
  2 rats
64 creatures vanquished.

Vanquished Creatures (collateral kills)
  2 hobgoblins
  A quokka skeleton (D:4)
3 creatures vanquished.

Vanquished Creatures (others)
  2 frilled lizard zombies (D:3)
  An orc zombie (D:4)
3 creatures vanquished.

Grand Total: 70 creatures vanquished

Notes
Turn   | Place    | Note
-------+----------+-------------------------------------------
     0 | D:1      | Zenkrye the Barachi Ice Elementalist began the quest for
                  | the Orb.
     0 | D:1      | Reached XP level 1. HP: 13/13 MP: 3/3
   294 | D:1      | Reached skill level 5 in Ice Magic
   294 | D:1      | Reached XP level 2. HP: 4/19 MP: 0/5
   887 | D:1      | Reached XP level 3. HP: 23/24 MP: 5/7
  1069 | D:1      | Learned a level 3 spell: Frozen Ramparts
  1237 | D:1      | You fall into a shaft and drop 1 floor!
  1467 | D:2      | Reached skill level 6 in Ice Magic
  1580 | D:2      | Reached XP level 4. HP: 14/30 MP: 4/8
  1936 | D:2      | Found a faded altar of an unknown god.
  2215 | D:2      | Became a worshipper of Yredelemnul the Dark
  2215 | D:2      | Reached * piety under Yredelemnul
  2956 | D:4      | Reached XP level 5. HP: 35/35 MP: 9/9
  2986 | D:4      | Reached skill level 7 in Ice Magic
  3165 | D:4      | Noticed a necrophage
  3189 | D:4      | Gained mutation: You are agile. (Dex +2) [potion of
                  | mutation]
  3189 | D:4      | Gained mutation: You are partially covered in large bone
                  | plates. (SH +4) [potion of mutation]
  3191 | D:4      | HP: 1/32 [necrophage (4)]
  3191 | D:4      | Slain by a necrophage

Illustrated notes

Levels and vault maps discovered:
D:1:      dpeg_chamrin_arrival_tetris, layout_basic
D:2:      layout_basic, ebering_ecumenical_altar_box
D:3:      layout_rooms
D:4:      layout_loops_ring, st_stairs_12, minivault_27

Skill      XL: |  1  2  3  4  5 |
---------------+----------------+-----
Ice Magic      | 5 6 7 |  7.1
Spellcasting   | 3 |  3.0
Dodging        | |  2.1
Stealth        | |  1.7

Action                   |  1- 3 |  4- 6 || total
-------------------------+-------+-------++-------
Melee: Dagger            |    45 |    29 ||    74
 Fire: Hunting sling     |       |    62 ||    62
 Cast: Freeze            |    27 |     2 ||    29
       Frozen Ramparts   |     6 |     9 ||    15
Invok: Animate Remains   |       |     4 ||     4
 Abil: Hop               |     1 |     1 ||     2
  Use: Potion            |       |     6 ||     6
 Stab: Sleeping          |     3 |     1 ||     4
Armor: Robe              |     7 |    13 ||    20
Dodge: Dodged            |    36 |    32 ||    68
Block: Other             |       |     1 ||     1

Table legend: (Time is in decaauts)
 A = Elapsed time spent in this place.
 B = Non-inter-level travel time spent in this place.
 C = Inter-level travel time spent in this place.
 D = Time resting spent in this place.
 E = Time spent auto-exploring this place.
 F = Levels seen in this place.
 G = Mean time per level.
                   A        B        C        D        E       F      G
               +--------+--------+--------+--------+--------+-----+--------+
         Total |   3510 |   3412 |     98 |    322 |   2504 |   4 |  877.5 |
       Dungeon |   3510 |   3412 |     98 |    322 |   2504 |   4 |  877.5 |
               +--------+--------+--------+--------+--------+-----+--------+

Top non-repeatable levels by time:
     D:1: 1342 daAuts
     D:2: 1071 daAuts
     D:3: 550 daAuts
     D:4: 546 daAuts
